 Dungeon Crawl Stone Soup version 0.22-a0-32-ga749362bc3 (webtiles) character file.

0 Manul the Ducker (level 1, -1/11 HPs)
             Began as a Spriggan Abyssal Knight on Jan 3, 2018.
             Was a Follower of Lugonu.
             Slain by a thrashing horror (8 damage)
             ... on level 3 of the Abyss.
             The game lasted 00:01:13 (279 turns).

Manul the Ducker (Spriggan Abyssal Knight)           Turns: 279, Time: 00:01:13

Health: -1/11      AC:  2    Str:  8    XL:     1   Next: 0%
Magic:  3/3        EV: 18    Int: 13    God:    Lugonu [*.....]
Gold:   125        SH:  0    Dex: 15    Spells: 0/0 levels left

rFire    . . .     SeeInvis +   a - +1 short sword
rCold    . . .     Gourm    .   (shield restricted)
rNeg     . . .     Faith    .   b - +0 robe
rPois    .         Spirit   .   (helmet restricted)
rElec    .         Reflect  .   (no cloak)
rCorr    .         Harm     .   (gloves unavailable)
MR       .....                  (boots unavailable)
Stlth    +.........             (no amulet)
HPRegen  0.03/turn              (no ring)
MPRegen  0.08/turn              (no ring)

@: very quick
A: very small, unfitting armour, see invisible, herbivore, speed 3, slow
metabolism 2
a: Depart the Abyss, Renounce Religion


You were on level 3 of the Abyss.
You worshipped Lugonu.
Lugonu was aware of your devotion.
You were not hungry.

You visited 0 branches of the dungeon, and saw 0 of its levels.
You visited the Abyss 1 time.

You collected 125 gold pieces.

Inventory:

Hand Weapons
 a - a +1 short sword (weapon)
Armour
 b - a +0 robe (worn)
Potions
 e - a potion of cancellation {unknown}
 f - a potion of invisibility {unknown}
Books
 d - a book of Geomancy

   Spells                             Type                      Level
   a - Sandblast                      Earth                        1
   b - Passwall                       Transmutation/Earth          2
   c - Stone Arrow                    Conjuration/Earth            3
   d - Petrify                        Transmutation/Earth          4
   e - Lee's Rapid Deconstruction     Earth                        5
Comestibles
 c - 2 rations


   Skills:
 + Level 2.4 Fighting
 + Level 2.1 Short Blades
 + Level 3.5 Dodging
 + Level 1.7 Invocations


You couldn't memorise any spells.
You didn't know any spells.

Dungeon Overview and Level Annotations

Branches:
Dungeon (0/15)

Altars:


Innate Abilities, Weirdness & Mutations

You are very small and have problems with some larger weapons.
You are too small for most types of armour.
You have supernaturally acute eyesight. (SInv)
You are a herbivore.
You cover ground extremely quickly.
You need consume almost no food.


Message History

A balrug comes into view.
It is wielding a demon whip of electrocution.
The balrug shouts!
A satyr comes into view. It is wielding a spear.
The satyr shouts!
You hear a shout!
A blizzard demon comes into view.
The blizzard demon shouts!
The satyr closely misses you.
The satyr unwields an uncursed spear.
The satyr wields an uncursed fustibalus.
The satyr shoots a sling bullet.
The sling bullet closely misses you.
You see here a sling bullet.
A wight comes into view. It is wielding an enchanted flail.
The thrashing horror roars!
The wight barely misses you. The thrashing horror barely misses you.
The thrashing horror tramples you.
You hold your ground!
You hit the wight but do no damage.
The thrashing horror closely misses you.
The thrashing horror tramples you!
Ouch! That really hurt!
You die...

## #. .# # ##.
.### #.# #..
#...#.#
#..#..##z.....#
#....#.@#.##
#..X## .###
#....§##..
#.#.#§#.####
###...§#.#.#
#..##.#....#
.......#.#..##
.#...#.......##
#.#.##..#..#.#


You could see a thrashing horror and a wight.

Vanquished Creatures (others)
  4 starspawn tentacles (Abyss:3)
4 creatures vanquished.

Notes
Turn   | Place    | Note
-------+----------+-------------------------------------------
     0 | Abyss:1  | Manul the Spriggan Abyssal Knight began the quest for the Orb.
     0 | Abyss:1  | Reached XP level 1. HP: 11/11 MP: 3/3
   177 | Abyss:3  | Noticed a wretched star
   194 | Abyss:3  | Noticed a ynoxinul
   194 | Abyss:3  | Noticed a tentacled starspawn
   197 | Abyss:3  | Noticed a large abomination
   220 | Abyss:3  | Noticed a tentacled starspawn
   236 | Abyss:3  | Noticed a balrug
   236 | Abyss:3  | Noticed a satyr
   237 | Abyss:3  | Noticed a blizzard demon
   276 | Abyss:3  | Noticed a thrashing horror
   277 | Abyss:3  | Noticed a wight
   279 | Abyss:3  | Slain by a thrashing horror

Vault maps used:
Abyss:2:  evilmike_abyss_exit_glass
Abyss:3:  hangedman_cross_veins

Action                   || total
-------------------------++-------
Melee: Short sword       ||     1
  Use: Scroll            ||     1
Dodge: Dodged            ||     5

Table legend:
 A = Spawn XP
 B = Non-spawn XP
 C = Spawn XP percentage of total XP
 D = Spawn monster count
 E = Non-spawn monster count
 F = Spawn count percentage of total count
 G = Total turns spent on level
                    A         B        C        D         E        F      G
               +---------+---------+-------+---------+---------+-------+---------
         Total |       0 |       0 |   N/A |       0 |       0 |   N/A |   279
               +---------+---------+-------+---------+---------+-------+---------
               +---------+---------+-------+---------+---------+-------+---------
